 Dungeon Crawl Stone Soup version 0.31-a0-868-g674d60d6f7 (webtiles) character file.

Game seed: 6240584764813479034

7 Xavori the Trooper (level 2, -7/21 HPs)
             Began as an Octopode Chaos Knight on Oct 12, 2023.
             Was a Plaything of Xom.
             Engulfed by a cloud of flame (16 damage)
             ... on level 1 of the Dungeon.
             The game lasted 00:00:09 (123 turns).

Xavori the Trooper (Octopode Chaos Knight)           Turns: 123, Time: 00:00:09

Health: -7/21      AC:  1    Str: 11    XL:     2   Next: 0%
Magic:  2/2        EV: 13    Int: 14    God:    Xom [..*...]
Gold:   0          SH:  0    Dex: 11    Spells: 1/1 levels left

rFire   . . .        a - +0 short sword (chaos)
rCold   . . .        (no shield)
rNeg    . . .        (helmet restricted)
rPois   .            (no amulet)
rElec   .            (no ring)
rCorr   .            (no ring)
SInv    .            (no ring)
Will    .....        (no ring)
Stlth   ++           (no ring)
HPRegen 0.23/turn    (no ring)
MPRegen 0.08/turn    (no ring)
                     (no ring)

%: no passive effects
@: invisible
A: almost no armour, amphibious, 8 rings, camouflage 1, gelatinous body 1,
(nimble swimmer 1), tentacles
a: Renounce Religion


You were on level 1 of the Dungeon.
You worshipped Xom.
You were a toy of Xom.
You visited 1 branch of the dungeon, and saw 1 of its levels.

Inventory:

Hand Weapons
 a - a +0 short sword of chaos (weapon)
Scrolls
 b - a scroll of butterflies
 c - 2 scrolls of identify {unknown}
Potions
 d - a potion of might {unknown}


   Skills:
 + Level 3.2 Fighting
 + Level 3.2 Short Blades
 + Level 2.4 Dodging
 + Level 0.1 Stealth


You had one spell level left.
You didn't know any spells.
Your spell library was empty.

Dungeon Overview and Level Annotations

Branches:
Dungeon (1/15)

Altars:


Innate Abilities, Weirdness & Mutations

You cannot wear most types of armour.
You are amphibious.
You can wear up to eight rings at the same time.
Your skin changes colour to match your surroundings (Stealth+).
Your rubbery body absorbs attacks. (AC +1, EV +1)
((You are camouflaged when in or above water. (Stealth+)))
You have tentacles for arms and can constrict up to eight enemies at once.


Message History

You hit the goblin. You drain the goblin.
You kill the goblin!
Xom grants you a minor favour.
You fade into invisibility!
A hobgoblin is nearby!
A hobgoblin is nearby!
The hobgoblin completely misses you.
You strike the helpless hobgoblin from behind!
You hit the hobgoblin. Your grab misses the hobgoblin.
Your squeeze misses the hobgoblin.
The hobgoblin is severely wounded.
The hobgoblin hits you.
A hobgoblin is nearby!
You hit the hobgoblin.
You feel better.
You grab the hobgoblin.
You squeeze the hobgoblin, but do no damage.
The hobgoblin is almost dead.
You constrict the hobgoblin.
You kill the hobgoblin!
You have reached level 2!
There is an open door here.
e - a scroll labelled ERENGI IVEENT No target in view!
There is an open door here.
Things that are here:
a +0 dagger; a goblin corpse; a hobgoblin corpse A ball python comes into view.
As you read the scroll labelled ERENGI IVEENT, it crumbles to dust.
The creatures around you are filled with an inner flame!
It was a scroll of immolation.
A ball python is nearby!
A ball python is nearby!
A ball python is nearby!
A ball python is nearby!
A ball python is nearby!
The helpless ball python fails to defend itself.
You hit the ball python.
The ball python explodes!
The fiery explosion engulfs you!
Ouch! That really hurt! x2
You die...

...)..............#..#
###################..#
#..# #..# ##.## #..#
##..# ..########...#
#....ยงยง@...#.#
##############


There were no monsters in sight!

Vanquished Creatures
  A goblin (D:1)
  3 hobgoblins (D:1)
  A quokka (D:1)
  A ball python (D:1)
6 creatures vanquished.

Notes
Turn   | Place    | Note
-------+----------+-------------------------------------------
     0 | D:1      | Xavori the Octopode Chaos Knight began the quest for the
                  | Orb.
     0 | D:1      | Reached XP level 1. HP: 16/16 MP: 1/1
    63 | D:1      | XOM: potion effect (invisibility)
    68 | D:1      | Reached XP level 2. HP: 21/21 MP: 2/2
   123 | D:1      | Engulfed by a cloud of flame

Illustrated notes

Levels and vault maps discovered:
D:1:      erik_arrival_cave_to_civilisation [erik_arrival_cave_to_hall],
          layout_basic, shapermc_ecumenical_altar_ellora

Action                     || total
---------------------------++-------
  Melee: Short sword       ||     9
         Constrict         ||     3
         Tentacles         ||     2
    Use: Scroll            ||     1
   Stab: Sleeping          ||     2
         Invisible         ||     1
 Armour: Skin              ||     4
  Dodge: Dodged            ||     3

Table legend: (Time is in decaauts)
 A = Elapsed time spent in this place.
 B = Non-inter-level travel time spent in this place.
 C = Inter-level travel time spent in this place.
 D = Time resting spent in this place.
 E = Time spent auto-exploring this place.
 F = Levels seen in this place.
 G = Mean time per level.
                   A        B        C        D        E       F      G
               +--------+--------+--------+--------+--------+-----+--------+
         Total |    122 |    122 |      0 |      0 |     90 |   1 |  122.0 |
       Dungeon |    122 |    122 |      0 |      0 |     90 |   1 |  122.0 |
               +--------+--------+--------+--------+--------+-----+--------+

Top non-repeatable levels by time:
     D:1: 122 daAuts
